 Dungeon Crawl Stone Soup version 0.26.0-10-g1f06aea511 (webtiles) character file.

Game seed: 6848438582970949239

1600 MisterFreud the Conjurer (level 8, -4/60 HPs)
             Began as a Demonspawn Conjurer on Jan 31, 2021.
             Was an Initiate of Sif Muna.
             Slain by Harold
             ... wielding a +0 vorpal glaive
              (26 damage)
             ... on level 7 of the Dungeon.
             The game lasted 00:13:31 (8462 turns).

MisterFreud the Conjurer (Demonspawn Conjurer)      Turns: 8462, Time: 00:13:32

Health: -4/60      AC:  5    Str:  8    XL:     8   Next: 62%
Magic:  14/14      EV: 13    Int: 27    God:    Sif Muna [......]
Gold:   366        SH: 11    Dex: 12    Spells: 10/15 levels left

rFire    . . .     SeeInvis .   w - +3 dagger (venom)
rCold    . . .     Faith    .   q - +1 buckler
rNeg     . . .     Spirit   .   a - +0 robe
rPois    .         Reflect  +   (helmet restricted)
rElec    .         Harm     .   (no cloak)
rCorr    .         Rampage  .   (no gloves)
Will     .....                  (no boots)
Stlth    ++........             m - amulet of reflection
HPRegen  0.20/turn              x - +6 ring of intelligence
MPRegen  0.14/turn              (no ring)

@: marked
A: horns 1, slimy green scales 2, demonic guardian 1, spiny 1
a: Renounce Religion


You were on level 7 of the Dungeon.
You worshipped Sif Muna.
Sif Muna was noncommittal.
You visited 2 branches of the dungeon, and saw 9 of its levels.

You collected 616 gold pieces.
You spent 250 gold pieces at shops.

Inventory:

Hand Weapons
 c - a +0 dagger
 d - a +0 short sword of electrocution
 e - a +0 short sword
 j - a +2 hand axe of draining
 w - a +3 dagger of venom (weapon)
Missiles
 i - 4 boomerangs
 r - 42 poisoned darts
 v - a throwing net
Armour
 a - a +0 robe (worn)
 q - a +1 buckler (worn)
Jewellery
 m - an amulet of reflection (around neck)
 x - a +6 ring of intelligence (left hand)
Wands
 h - a wand of digging (10)
 y - a wand of disintegration (11)
Scrolls
 f - 5 scrolls of teleportation
 k - a scroll of amnesia
 l - 2 scrolls of remove curse
 n - a scroll of identify
 o - a scroll of fear
 p - a scroll of enchant weapon
 C - a scroll of holy word {unknown}
Potions
 b - 3 potions of curing
 g - 2 potions of ambrosia
 s - 3 potions of haste
 t - a potion of attraction
 u - 2 potions of lignification {unknown}
 z - a potion of magic
 A - a potion of mutation
 B - a potion of heal wounds


   Skills:
 - Level 4.0 Fighting
 + Level 3.0 Dodging
 - Level 1.7 Stealth
 - Level 4.0 Shields
 - Level 4.0 Spellcasting
 - Level 6.0 Conjurations
 - Level 6.0 Hexes


You had 10 spell levels left.
You knew the following spells:

 Your Spells              Type           Power        Failure   Level
a - Magic Dart            Conj           100%         1%          1
b - Fulminant Prism       Conj/Hex       18%          7%          4

Your spell library contained the following spells:

 Spells                   Type           Power        Failure   Level
 Searing Ray              Conj           74%          1%          2
 Dazzling Flash           Conj/Hex       74%          1%          3
 Stone Arrow              Conj/Erth      42%          7%          3
 Animate Skeleton         Necr           10%          8%          1
 Pain                     Necr           20%          8%          1
 Sandblast                Erth           10%          8%          1
 Passwall                 Tmut/Erth      4%           12%         2
 Iskenderun's Mystic Bla  Conj/Tloc      21%          22%         4
 Vampiric Draining        Necr           2%           24%         3
 Animate Dead             Necr           2%           61%         4
 Petrify                  Tmut/Erth      5%           61%         4
 Agony                    Necr           5%           91%         5
 Lee's Rapid Deconstruct  Erth           2%           91%         5


Dungeon Overview and Level Annotations

Branches:
Dungeon (8/15)             Temple (1/1) D:6
   Lair: D:8-11

Altars:
Ashenzari
Cheibriados
Dithmenos
Fedhas
Gozag
Hepliaklqana
Makhleb
Nemelex Xobeh
Ru
Sif Muna
Trog
Uskayaw
Vehumet
Xom
Yredelemnul
The Shining One

Shops:
D:4 *   D:5 [   D:6 [

Annotations:
D:6 2 transporters
D:7 Harold


Innate Abilities, Weirdness & Mutations

You have a pair of small horns on your head.
You are mostly covered in slimy green scales. (AC +3)
A weak demonic guardian rushes to your aid.
You are partially covered in sharp spines.


Message History

Okay, then.
Unknown command.
Unknown command.
Unknown command.
Unknown command.
Unknown command.
Unknown command.
You hit Harold but do no damage.
Harold looks as sick as possible!
Harold is lightly wounded.
You block Harold's attack.
Your iron imp barely misses Harold.
You barely miss Harold. You headbutt Harold, but do no damage.
Harold is lightly wounded.
Harold casts a spell at you. A sentinel's mark forms upon you.
Your iron imp hits Harold.
You hit Harold.
Harold looks as sick as possible!
You headbutt Harold, but do no damage.
Harold is moderately wounded.
Harold hits you with a +0 vorpal glaive!!
You die...

# #.#.#.........##.#
#.# #.# #
#.#...........##.#
#.####.# #
#..(....#........#
#....... #
#.#....>......####
#.####.#
#####.#.#..##.......
..# #.#
.......#...###..#####
..# #.. #####.#.#.##
#..# .## ### #......#
#..#########.#
#....###
#5.@.......!.# #....#
##@#########..+
#....#######o#
#..........oo#
#...########o#
#....<# ####.#######
#...#.###...........
#................###
#.###..##.##.###.#


You could see Harold (extremely poisoned), an orc wizard (fast), 3 orcs and a
friendly iron imp (summoned).

Vanquished Creatures
  Eustachio (D:3)
  Menkaure (D:5)
  Duvessa (D:6)
  A centaur (D:5)
  3 bullfrogs
  Dowan (D:6)
  A howler monkey (D:6)
  2 hounds (D:5)
  3 orc priests
  A jelly (D:5)
  Jessica (D:3)
  An iguana (D:6)
  Ijyb (D:4)
  Terence (D:2)
  Natasha (thrice) (D:3)
  5 orc wizards
  A worker ant (D:5)
  A hound skeleton (D:6)
  11 adders
  5 gnolls
  2 shadow imps (D:5)
  2 white imps (D:5)
  2 adder skeletons (D:4)
  3 worms
  3 leopard geckos
  12 orcs
  A ball python (D:4)
  9 goblins
  8 hobgoblins
  4 jackals (D:2)
  3 quokkas
  A ball python zombie (D:6)
  10 bats
  A frilled lizard (D:5)
  8 kobolds
  13 rats
127 creatures vanquished.

Vanquished Creatures (collateral kills)
  A phantom (D:6)
  An iguana (D:6)
2 creatures vanquished.

Grand Total: 129 creatures vanquished

Notes
Turn   | Place    | Note
-------+----------+-------------------------------------------
     0 | D:1      | MisterFreud the Demonspawn Conjurer began the quest for the
                  | Orb.
     0 | D:1      | Reached XP level 1. HP: 13/13 MP: 3/3
   351 | D:1      | Gained mutation: You are partially covered in slimy green
                  | scales. (AC +2) [demonic ancestry]
   351 | D:1      | Reached XP level 2. HP: 14/19 MP: 0/5
  1069 | D:2      | Reached skill level 5 in Conjurations
  1262 | D:2      | Gained mutation: You are partially covered in sharp spines.
                  | [demonic ancestry]
  1262 | D:2      | Reached XP level 3. HP: 24/24 MP: 4/6
  1622 | D:2      | Noticed Terence
  1636 | D:2      | Killed Terence
  1637 | D:2      | Reached XP level 4. HP: 30/30 MP: 0/7
  2855 | D:3      | Noticed Jessica
  2870 | D:3      | Killed Jessica
  2871 | D:3      | Gained mutation: You are mostly covered in slimy green
                  | scales. (AC +3) [demonic ancestry]
  2871 | D:3      | Reached XP level 5. HP: 35/35 MP: 0/9
  3134 | D:3      | Noticed Natasha
  3223 | D:3      | Killed Natasha
  3676 | D:3      | Noticed Natasha
  3683 | D:3      | Killed Natasha
  3684 | D:3      | Reached skill level 1 in Shields
  3849 | D:3      | Found a broken altar of Ashenzari.
  3922 | D:3      | Noticed Natasha
  3926 | D:3      | Killed Natasha
  3927 | D:3      | Reached XP level 6. HP: 41/41 MP: 6/11
  3985 | D:4      | Noticed Eustachio
  4009 | D:3      | Killed Eustachio
  4252 | D:4      | Learned a level 4 spell: Fulminant Prism
  4372 | D:4      | Noticed Ijyb
  4391 | D:4      | Killed Ijyb
  4527 | D:4      | Found an opulent altar of Gozag.
  4849 | D:4      | Found Hiuneg's Assorted Antiques.
  4854 | D:4      | Bought a glowing red potion for 19 gold pieces
  4854 | D:4      | Bought a fuming orange potion for 19 gold pieces
  4854 | D:4      | Bought a yellow potion for 19 gold pieces
  4857 | D:4      | Bought 2 purple potions for 39 gold pieces
  4857 | D:4      | Bought a scroll labelled CAREYH QUAMU for 22 gold pieces
  4857 | D:4      | Bought a scroll labelled LOZEUP VIARO for 22 gold pieces
  4857 | D:4      | Bought a scroll labelled YNOGIO QILYURR for 22 gold pieces
  4857 | D:4      | Bought a glowing wooden wand for 88 gold pieces
  4910 | D:5      | Entered Level 5 of the Dungeon
  5181 | D:5      | Gained mutation: A weak demonic guardian rushes to your
                  | aid. [demonic ancestry]
  5181 | D:5      | Reached XP level 7. HP: 46/46 MP: 7/13
  5216 | D:5      | Reached skill level 1 in Hexes
  5500 | D:5      | Found Xieh's Armour Shoppe.
  6605 | D:5      | Noticed Menkaure
  6617 | D:5      | Killed Menkaure
  6618 | D:5      | Reached skill level 5 in Hexes
  6618 | D:5      | Gained mutation: You have a pair of small horns on your
                  | head. [demonic ancestry]
  6618 | D:5      | Reached XP level 8. HP: 20/52 MP: 14/14
  6943 | D:6      | Found a shimmering altar of Xom.
  6947 | D:6      | Found a transporter.
  6955 | D:6      | Found a transporter.
  7126 | D:6      | Reached skill level 1 in Fighting
  7309 | D:6      | Found a staircase to the Ecumenical Temple.
  7314 | Temple   | Entered the Ecumenical Temple
  7547 | Temple   | Became a worshipper of Sif Muna the Loreminder
  7595 | D:6      | Found Yngias's Antique Armour Emporium.
  7599 | D:6      | Noticed Dowan
  7600 | D:6      | Noticed Duvessa
  7630 | D:6      | Killed Dowan
  7631 | D:6      | Killed Duvessa
  7969 | D:7      | Noticed Harold
  8445 | D:8      | HP: 1/60 [bullfrog (8)]
  8462 | D:7      | Slain by Harold

Illustrated notes

Levels and vault maps discovered:
D:1:      minmay_arrival_solitary_statue, layout_basic, serial_curves,
          eino_curves_04, eino_curves_02, minmay_misc_feat_alley
D:2:      kennysheep_six_static_rooms, layout_basic, uniq_terence
D:3:      layout_basic, overflow_temple_1_default, uniq_jessica, uniq_natasha
D:4:      layout_cave_pools, nicolae_gozag_seed_capital, serial_shops,
          kennysheep_little_box, uniq_eustachio, uniq_ijyb
D:5:      layout_basic, serial_shops, nicolae_shop_crystal, uniq_menkaure
D:6:      layout_basic, gammafunk_temple_overflow_arena, temple_statues,
          serial_shops, nicolae_shop_statue_plus, uniq_duvessa
D:7:      layout_loops_ring, gammafunk_temple_overflow_elements, uniq_pikel,
          uniq_maggie, uniq_harold
D:8:      layout_basic, elyvilon_altar_4, nicolae_qazlal_general_emergency,
          nicolae_sextant, grunt_ministairs_3
Temple:   oiseaux_autumnal_temple

Skill      XL: |  1  2  3  4  5  6  7  8 |
---------------+-------------------------+-----
Conjurations   | 5 6 |  6.0
Spellcasting   | 3 4 |  4.0
Shields        | 1 3 4 |  4.0
Hexes          | 5 6 |  6.0
Fighting       | 4 |  4.0
Dodging        | 3 |  3.0
Stealth        | |  1.7

Action                   |  1- 3 |  4- 6 |  7- 9 || total
-------------------------+-------+-------+-------++-------
Melee: Dagger            |    11 |       |    83 ||    94
       Short sword       |     7 |       |       ||     7
       Hand axe          |       |     7 |       ||     7
       Headbutt          |       |       |    10 ||    10
 Cast: Magic Dart        |    65 |   156 |   126 ||   347
Evoke: Wand              |       |       |     1 ||     1
  Use: Scroll            |       |    14 |       ||    14
       Potion            |       |     1 |     1 ||     2
Armor: Robe              |     4 |     8 |     9 ||    21
Dodge: Dodged            |    22 |    19 |    30 ||    71
Block: Buckler           |       |       |    40 ||    40
       Reflection        |       |       |     2 ||     2
